Vegas Golden Knights vs Detroit Red Wings
Created - Wednesday, October 29, 2025 at 09:37
Goals
|
| Vegas Golden Knights |
2 |
0 |
0 |
2 |
| Detroit Red Wings |
0 |
3 |
1 |
4 |
|
Shots
|
| Vegas Golden Knights |
16 |
3 |
11 |
30 |
| Detroit Red Wings |
8 |
18 |
16 |
42 |
|
1st period
1. Vegas Golden Knights , Auston Matthews 32 (Bryan Rust 33, Mika Zibanejad 45) at 12:31
2. Vegas Golden Knights , Jordan Staal 11 (Reilly Smith 11, Mathew Barzal 14) at 18:18
Penalties :
No Penalty
2nd period
3. Detroit Red Wings , Max Pacioretty 16 (Tanner Pearson 17, Jamie Drysdale 16) at 6:52
4. Detroit Red Wings , Jamie Drysdale 4 (Max Pacioretty 20) at 10:51 (PP)
5. Detroit Red Wings , Collin Graf 4 (Cutter Gauthier 38) at 11:16 (PP)
Penalties :
Zach Bogosian (VGK) for Unsportsmanlike conduct (Major / Game Misconduct) at 10:14, Jordan Staal (VGK) for Delaying the game (Minor) at 16:55
3rd period
6. Detroit Red Wings , Cutter Gauthier 31 (Jayden Struble 11) at 16:53
Penalties :
Ryan Graves (DET) for Tripping (Minor) at 0:22, Ryan Graves (DET) for Cross-checking (Minor) at 3:33, Ryan Graves (DET) for Fighting (Major) at 9:33, Mathieu Olivier (VGK) for Fighting (Major) at 9:33, Reilly Smith (VGK) for Tripping (Minor) at 17:28
Goalie Stats
Sergei Bobrovsky (VGK), 38 saves from 42 shots - (0.905), L, 20-11-4, 60:00 minutes
Vitek Vanecek (DET), 28 saves from 30 shots - (0.933), W, 9-8-2, 60:00 minutes
Players Stats for Vegas Golden Knights
Player Name G A P +/- PIM S H SB GA TA FO MP PP MP PK MP
------------------------------------------------------------------------------------
Andreas Athanasiou 0 0 0 -1 0 4 0 0 0 0 7/9 11:21 0:00 3:56
Anthony Mantha 0 0 0 -1 0 2 3 0 0 0 0/0 9:22 1:51 0:00
Auston Matthews 1 0 1 1 0 2 0 0 1 0 0/0 19:42 1:59 3:51
Bryan Rust 0 1 1 1 0 2 0 0 1 0 0/1 16:35 1:59 1:25
Jack Johnson 0 0 0 -1 0 2 0 1 0 0 0/0 18:08 0:00 4:08
Jared McCann 0 0 0 0 0 1 1 1 0 0 1/1 15:09 1:59 0:00
Jordan Staal 1 0 1 0 2 4 2 1 0 1 9/14 16:18 0:00 3:00
Mathew Barzal 0 1 1 0 0 2 2 1 1 0 0/1 14:31 0:00 1:13
Mathieu Olivier 0 0 0 -1 5 0 1 0 0 1 0/1 10:33 0:00 4:05
Mika Zibanejad 0 1 1 1 0 1 0 1 1 1 9/14 15:09 1:59 0:00
Reilly Smith 0 1 1 0 2 1 0 0 0 0 0/1 13:43 0:00 0:24
Roman Josi 0 0 0 0 0 0 0 3 1 1 0/0 26:54 1:51 4:06
Sean Monahan 0 0 0 0 0 1 1 0 0 1 7/18 15:54 1:59 0:00
Shea Theodore 0 0 0 1 0 2 1 1 1 0 0/0 22:19 2:07 0:49
Thomas Chabot 0 0 0 0 0 3 2 0 1 1 0/0 24:10 2:07 4:26
Travis Hamonic 0 0 0 0 0 0 4 0 0 1 0/0 18:32 0:00 4:25
Tyler Toffoli 0 0 0 0 0 2 2 0 1 0 0/1 15:09 1:59 0:00
Zach Bogosian 0 0 0 0 15 1 0 0 0 0 0/0 7:30 0:00 0:00
Players Stats for Detroit Red Wings
Player Name G A P +/- PIM S H SB GA TA FO MP PP MP PK MP
------------------------------------------------------------------------------------
Cole Sillinger 0 0 0 1 0 3 4 1 0 0 14/25 20:22 4:25 1:55
Collin Graf 1 0 1 1 0 6 2 2 1 1 1/1 18:02 3:59 0:00
Conor Timmins 0 0 0 -2 0 0 1 1 0 0 0/0 17:51 4:25 1:21
Cutter Gauthier 1 1 2 1 0 3 2 0 1 0 5/16 18:02 3:59 0:00
Fraser Minten 0 0 0 1 0 2 4 0 0 0 0/2 18:02 3:59 0:00
Jackson LaCombe 0 0 0 1 0 3 1 2 0 0 0/0 27:32 4:32 2:09
Jamie Drysdale 1 1 2 1 0 6 0 0 2 2 0/0 24:15 4:32 1:53
Jayden Struble 0 1 1 -2 0 0 0 1 0 0 0/0 13:09 0:00 0:28
Kevin Stenlund 0 0 0 -1 0 2 1 0 1 1 2/7 13:15 0:33 1:45
Max Pacioretty 1 1 2 1 0 2 0 0 0 0 1/1 18:21 4:25 0:00
Peyton Krebs 0 0 0 -1 0 2 2 0 0 0 0/0 11:30 0:00 0:18
Raphael Lavoie 0 0 0 -1 0 2 0 0 0 0 0/0 11:11 0:33 0:00
Rasmus Kupari 0 0 0 -1 0 3 2 0 1 0 2/6 9:33 0:00 1:45
Ryan Graves 0 0 0 1 9 0 0 0 0 0 0/0 15:40 0:00 0:00
Shayne Gostisbehere 0 0 0 1 0 3 3 2 0 3 0/0 21:51 4:25 2:05
Tanner Pearson 0 1 1 1 0 2 1 0 0 0 3/3 18:21 4:25 0:00
Vasili Podkolzin 0 0 0 -1 0 1 1 0 1 0 0/0 9:09 0:33 0:23
Yakov Trenin 0 0 0 -1 0 2 0 0 0 1 0/0 9:53 0:00 1:50
3 Stars
1 - Cutter Gauthier (DET)
2 - Max Pacioretty (DET)
3 - Jamie Drysdale (DET)
Power Play
Vegas Golden Knights - 0 on 2 Attempt(s) - 0.00%
Detroit Red Wings - 2 on 5 Attempt(s) - 40.00%
Penalty Kill
Vegas Golden Knights - 3 on 5 Attempt(s) - 60.00%
- Score 0 goal in Penalty Kill
Detroit Red Wings - 2 on 2 Attempt(s) - 100.00%
- Score 0 goal in Penalty Kill
Team Stat
Vegas Golden Knights - Hits : 19 - Faceoff Wins : 33 - Blocked Shots : 9 - Penalty Minutes : 24
Detroit Red Wings - Hits : 24 - Faceoff Wins : 28 - Blocked Shots : 9 - Penalty Minutes : 9
Official
Referees : Jake Brenk and Cody Beach
Linesman : Justin Johnson and Ryan Jackson
Game Notes
Zach Bogosian (VGK) for Unsportsmanlike conduct (Major / Game Misconduct) at 10:14
Zach Bogosian ejected from game at 10:14 of 2nd period
Zach Bogosian from Vegas Golden Knights is suspended for 2 game(s)
Ryan Graves beats up Mathieu Olivier at 9:33 of 3rd period
Finance
Level 1 -- Attendance: 5894 (98.23%) -- Ticket Income $559,930
Level 2 -- Attendance: 4631 (92.62%) -- Ticket Income $254,705
Level 3 -- Attendance: 2619 (87.30%) -- Ticket Income $78,570
Level 4 -- Attendance: 4659 (93.18%) -- Ticket Income $93,180
Luxury Box -- Attendance: 931 (93.10%) -- Ticket Income $176,890
Game was played at the Joe Louis Arena.
Total Attendance: 18734 (93.67%)
Total Ticket Income: $1,163,275
Other Income: $407,146
Total Income: $1,570,421
Vegas Golden Knights
5 vs 5 Forward
Center Left Wing Right Wing Time % Phy DF OF
1 Mika Zibanejad Auston Matthews Bryan Rust 30 1 2 2
2 Sean Monahan Jared McCann Tyler Toffoli 30 1 2 2
3 Jordan Staal Mathew Barzal Reilly Smith 25 1 2 2
4 Andreas Athanasiou Mathieu Olivier Anthony Mantha 15 1 2 2
5 vs 5 Defense
Defense Defense Time % Phy DF OF
1 Roman Josi Shea Theodore 30 1 2 2
2 Thomas Chabot Travis Hamonic 30 1 2 2
3 Jack Johnson Zach Bogosian 25 1 2 2
4 Roman Josi Shea Theodore 15 1 2 2
PowerPlay Forward
Center Left Wing Right Wing Time % Phy DF OF
1 Mika Zibanejad Auston Matthews Bryan Rust 50 1 2 2
2 Sean Monahan Jared McCann Tyler Toffoli 50 1 2 2
PowerPlay Defense
Defense Defense Time % Phy DF OF
1 Shea Theodore Thomas Chabot 50 1 2 2
2 Roman Josi Anthony Mantha 50 1 2 2
Penalty Kill 4 Players Forward
Center Wing Time % Phy DF OF
1 Jordan Staal Auston Matthews 50 1 2 2
2 Andreas Athanasiou Mathieu Olivier 50 1 2 2
Penalty Kill 4 Players Defense
Defense Defense Time % Phy DF OF
1 Thomas Chabot Travis Hamonic 50 1 2 2
2 Roman Josi Jack Johnson 50 1 2 2
Penalty Kill - 3 Players Forward
Forward Time % Phy DF OF
1 Jordan Staal 50 1 2 2
2 Andreas Athanasiou 50 1 2 2
Penalty Kill - 3 Players Defense
Defense Defense Time % Phy DF OF
1 Thomas Chabot Travis Hamonic 50 1 2 2
2 Shea Theodore Jack Johnson 50 1 2 2
4 vs 4 Forward
Center Wing Time % Phy DF OF
1 Mika Zibanejad Auston Matthews 50 1 2 2
2 Sean Monahan Tyler Toffoli 50 1 2 2
4 vs 4 Defense
Defense Defense Time % Phy DF OF
1 Shea Theodore Roman Josi 50 1 2 2
2 Thomas Chabot Travis Hamonic 50 1 2 2
Last Minutes Offensive
Center Left Wing Right Wing Defense Defense
Sean Monahan Auston Matthews Bryan Rust Shea Theodore Roman Josi
Last Minutes Defensive
Center Left Wing Right Wing Defense Defense
Jordan Staal Mathieu Olivier Reilly Smith Thomas Chabot Travis Hamonic
Goaltenders
Starting : Sergei Bobrovsky
Backup : Mackenzie Blackwood
Extra Forwards
Normal : Sean Monahan, Auston Matthews, Mika Zibanejad - PP : Jordan Staal, Sean Monahan - PK : Bryan Rust
Extra Defensemen
Normal : Thomas Chabot, Shea Theodore, Roman Josi - PP : Thomas Chabot - PK : Shea Theodore, Roman Josi
Penalty Shots
Mika Zibanejad, Sean Monahan, Bryan Rust, Anthony Mantha, Auston Matthews
Scratches
Erik Johnson (Healthy), Cole Smith (Healthy)
Detroit Red Wings
5 vs 5 Forward
Center Left Wing Right Wing Time % Phy DF OF
1 Cutter Gauthier Fraser Minten Collin Graf 35 1 2 2
2 Cole Sillinger Tanner Pearson Max Pacioretty 35 1 1 3
3 Kevin Stenlund Peyton Krebs Raphael Lavoie 20 1 2 2
4 Rasmus Kupari Vasili Podkolzin Yakov Trenin 10 2 2 1
5 vs 5 Defense
Defense Defense Time % Phy DF OF
1 Ryan Graves Jackson LaCombe 40 1 2 2
2 Jamie Drysdale Shayne Gostisbehere 30 1 2 2
3 Conor Timmins Jayden Struble 20 3 1 1
4 Jamie Drysdale Jackson LaCombe 10 1 2 2
PowerPlay Forward
Center Left Wing Right Wing Time % Phy DF OF
1 Cutter Gauthier Fraser Minten Collin Graf 50 0 1 4
2 Cole Sillinger Tanner Pearson Max Pacioretty 50 0 1 4
PowerPlay Defense
Defense Defense Time % Phy DF OF
1 Jamie Drysdale Jackson LaCombe 50 1 2 2
2 Conor Timmins Shayne Gostisbehere 50 1 2 2
Penalty Kill 4 Players Forward
Center Wing Time % Phy DF OF
1 Kevin Stenlund Rasmus Kupari 50 2 2 1
2 Cole Sillinger Yakov Trenin 50 2 2 1
Penalty Kill 4 Players Defense
Defense Defense Time % Phy DF OF
1 Ryan Graves Jackson LaCombe 50 2 2 1
2 Conor Timmins Shayne Gostisbehere 50 2 2 1
Penalty Kill - 3 Players Forward
Forward Time % Phy DF OF
1 Cutter Gauthier 50 1 2 2
2 Cole Sillinger 50 1 2 2
Penalty Kill - 3 Players Defense
Defense Defense Time % Phy DF OF
1 Ryan Graves Jackson LaCombe 50 1 2 2
2 Conor Timmins Shayne Gostisbehere 50 2 2 1
4 vs 4 Forward
Center Wing Time % Phy DF OF
1 Cutter Gauthier Collin Graf 60 1 2 2
2 Cole Sillinger Fraser Minten 40 1 1 3
4 vs 4 Defense
Defense Defense Time % Phy DF OF
1 Ryan Graves Jackson LaCombe 60 1 2 2
2 Jamie Drysdale Shayne Gostisbehere 40 1 2 2
Last Minutes Offensive
Center Left Wing Right Wing Defense Defense
Cutter Gauthier Cole Sillinger Collin Graf Jamie Drysdale Jackson LaCombe
Last Minutes Defensive
Center Left Wing Right Wing Defense Defense
Cutter Gauthier Cole Sillinger Collin Graf Jamie Drysdale Jackson LaCombe
Goaltenders
Starting : Vitek Vanecek
Backup : Laurent Brossoit
Extra Forwards
Normal : Kevin Stenlund, Peyton Krebs, Tanner Pearson - PP : Kevin Stenlund, Tanner Pearson - PK : Yakov Trenin
Extra Defensemen
Normal : Shayne Gostisbehere, Jamie Drysdale, Ryan Graves - PP : Shayne Gostisbehere - PK : Shayne Gostisbehere, Jamie Drysdale
Penalty Shots
Cutter Gauthier, Collin Graf, Cole Sillinger, Max Pacioretty, Fraser Minten
Scratches
Daniel Torgersson (Healthy), Christian Fischer (Healthy), Kasperi Kapanen (Healthy), Jett Woo (Healthy), Ville Husso (Healthy)
% Time on Ice - Vegas Golden Knights
Lines # - Real PCT - Wanted PCT - Time Play
Normal Forward
1 - 29% - 30% - 13:53
2 - 28% - 30% - 13:10
3 - 27% - 25% - 12:37
4 - 16% - 15% - 7:25
Normal Defense
1 - 28% - 30% - 13:03
2 - 30% - 30% - 14:09
3 - 31% - 25% - 14:26
4 - 12% - 15% - 5:27
PP Forward
1 - 50% - 50% - 1:59
2 - 50% - 50% - 1:59
PP Defense
1 - 53% - 50% - 2:07
2 - 47% - 50% - 1:51
PK Forward
1 - 52% - 50% - 4:40
2 - 48% - 50% - 4:17
PK Defense
1 - 52% - 50% - 4:39
2 - 48% - 50% - 4:18
PK3 Forward
1 - 0% - 50%
2 - 0% - 50%
PK3 Defense
1 - 0% - 50%
2 - 0% - 50%
44 Forward
1 - 0% - 50%
2 - 0% - 50%
44 Defense
1 - 0% - 50%
2 - 0% - 50%
Last Minute Offensive - 0:00
Last Minute Defensive - 0:00
Total
Forward - 60:00
Defense - 60:00
|
% Time on Ice - Detroit Red Wings
Lines # - Real PCT - Wanted PCT - Time Play
Normal Forward
1 - 31% - 35% - 14:22
2 - 30% - 35% - 14:17
3 - 23% - 20% - 10:38
4 - 17% - 10% - 7:48
Normal Defense
1 - 42% - 40% - 19:33
2 - 29% - 30% - 13:33
3 - 25% - 20% - 11:51
4 - 5% - 10% - 2:08
PP Forward
1 - 51% - 50% - 4:32
2 - 49% - 50% - 4:25
PP Defense
1 - 51% - 50% - 4:32
2 - 49% - 50% - 4:25
PK Forward
1 - 47% - 50% - 1:52
2 - 53% - 50% - 2:06
PK Defense
1 - 66% - 50% - 2:37
2 - 34% - 50% - 1:21
PK3 Forward
1 - 0% - 50%
2 - 0% - 50%
PK3 Defense
1 - 0% - 50%
2 - 0% - 50%
44 Forward
1 - 0% - 60%
2 - 0% - 40%
44 Defense
1 - 0% - 60%
2 - 0% - 40%
Last Minute Offensive - 0:00
Last Minute Defensive - 0:00
Total
Forward - 60:00
Defense - 60:00
|
Play-by-Play
1st period
0:01 of 1st period - Mika Zibanejad wins face-off versus Cutter Gauthier in neutral zone.
0:08 of 1st period - Wrist shot by Bryan Rust.
0:08 of 1st period - Stopped by Vitek Vanecek with a rebound.
0:47 of 1st period - Jamie Drysdale is hit by Travis Hamonic and loses puck.
1:10 of 1st period - Wrist shot by Anthony Mantha.
1:10 of 1st period - Stopped by Vitek Vanecek without a rebound.
1:11 of 1st period - Rasmus Kupari wins face-off versus Mathieu Olivier in Detroit Red Wings zone.
1:14 of 1st period - Wrist shot by Anthony Mantha.
1:14 of 1st period - Shot Misses the Net.
1:59 of 1st period - Snap shot by Tyler Toffoli.
1:59 of 1st period - Deflect By Sean Monahan.
1:59 of 1st period - Shot Misses the Net.
1:59 of 1st period - Puck is out of play.
2:00 of 1st period - Cutter Gauthier wins face-off versus Sean Monahan in Detroit Red Wings zone.
2:11 of 1st period - Snap shot by Fraser Minten.
2:11 of 1st period - Shot Misses the Net.
2:35 of 1st period - Snap shot by Collin Graf.
2:35 of 1st period - Shot Misses the Net.
2:41 of 1st period - Snap shot by Cutter Gauthier.
2:41 of 1st period - Stopped by Sergei Bobrovsky with a rebound.
2:49 of 1st period - Wrist shot by Fraser Minten.
2:49 of 1st period - Shot Misses the Net.
2:51 of 1st period - Wrist shot by Collin Graf.
2:51 of 1st period - Stopped by Sergei Bobrovsky without a rebound.
2:52 of 1st period - Tanner Pearson wins face-off versus Jordan Staal in Vegas Golden Knights zone.
2:55 of 1st period - Wrist shot by Max Pacioretty.
2:55 of 1st period - Shot Misses the Net.
3:21 of 1st period - Snap shot by Auston Matthews.
3:21 of 1st period - Shot Misses the Net.
3:26 of 1st period - Off-side.
3:27 of 1st period - Mika Zibanejad wins face-off versus Cole Sillinger in neutral zone.
5:25 of 1st period - Wrist shot by Vasili Podkolzin.
5:25 of 1st period - Shot Blocked by Roman Josi.
5:45 of 1st period - Travis Hamonic is hit by Collin Graf and loses puck.
6:58 of 1st period - Max Pacioretty is hit by Mathieu Olivier and loses puck.
7:58 of 1st period - Travis Hamonic is hit by Fraser Minten and loses puck.
8:29 of 1st period - Cole Sillinger is hit by Anthony Mantha and loses puck.
8:34 of 1st period - Slapshot by Andreas Athanasiou.
8:34 of 1st period - Stopped by Vitek Vanecek with a rebound.
8:44 of 1st period - Mika Zibanejad is hit by Vasili Podkolzin and loses puck.
8:55 of 1st period - Off-side.
8:56 of 1st period - Jordan Staal wins face-off versus Cutter Gauthier in neutral zone.
9:44 of 1st period - Snap shot by Fraser Minten.
9:44 of 1st period - Stopped by Sergei Bobrovsky with a rebound.
10:08 of 1st period - Snap shot by Mika Zibanejad.
10:08 of 1st period - Shot Blocked by Collin Graf.
10:10 of 1st period - Slapshot by Thomas Chabot.
10:10 of 1st period - Deflect By Collin Graf.
10:10 of 1st period - Stopped by Vitek Vanecek with a rebound.
10:20 of 1st period - Wrist shot by Bryan Rust.
10:20 of 1st period - Stopped by Vitek Vanecek with a rebound.
10:22 of 1st period - Slapshot by Thomas Chabot.
10:22 of 1st period - Deflect By Jamie Drysdale.
10:22 of 1st period - Stopped by Vitek Vanecek with a rebound.
10:24 of 1st period - Slapshot by Travis Hamonic.
10:24 of 1st period - Shot Blocked by Shayne Gostisbehere.
10:26 of 1st period - Slapshot by Travis Hamonic.
10:26 of 1st period - Deflect By Auston Matthews.
10:26 of 1st period - Shot Blocked by Collin Graf.
10:26 of 1st period - Puck is out of play.
10:27 of 1st period - Max Pacioretty wins face-off versus Sean Monahan in Detroit Red Wings zone.
10:57 of 1st period - Snap shot by Tyler Toffoli.
10:57 of 1st period - Stopped by Vitek Vanecek with a rebound.
10:59 of 1st period - Wrist shot by Jared McCann.
10:59 of 1st period - Shot Blocked by Jackson LaCombe.
11:01 of 1st period - Snap shot by Zach Bogosian.
11:01 of 1st period - Stopped by Vitek Vanecek without a rebound.
11:02 of 1st period - Tanner Pearson wins face-off versus Jordan Staal in Detroit Red Wings zone.
11:15 of 1st period - Wrist shot by Jordan Staal.
11:15 of 1st period - Stopped by Vitek Vanecek with a rebound.
11:17 of 1st period - Slapshot by Jack Johnson.
11:17 of 1st period - Deflect By Conor Timmins.
11:17 of 1st period - Stopped by Vitek Vanecek without a rebound.
11:18 of 1st period - Andreas Athanasiou wins face-off versus Kevin Stenlund in Detroit Red Wings zone.
11:44 of 1st period - Roman Josi is hit by Cole Sillinger and loses puck.
12:31 of 1st period - Wrist shot by Auston Matthews.
12:31 of 1st period - Goal by Auston Matthews - Vegas Golden Knights : 1 - Detroit Red Wings : 0.
12:32 of 1st period - Cole Sillinger wins face-off versus Sean Monahan in neutral zone.
12:35 of 1st period - Slapshot by Cole Sillinger.
12:35 of 1st period - Shot Misses the Net.
12:37 of 1st period - Snap shot by Tanner Pearson.
12:37 of 1st period - Stopped by Sergei Bobrovsky with a rebound.
12:39 of 1st period - Slapshot by Jamie Drysdale.
12:39 of 1st period - Shot Blocked by Roman Josi.
12:41 of 1st period - Slapshot by Cole Sillinger.
12:41 of 1st period - Stopped by Sergei Bobrovsky with a rebound.
12:43 of 1st period - Snap shot by Max Pacioretty.
12:43 of 1st period - Shot Blocked by Jared McCann.
12:45 of 1st period - Snap shot by Max Pacioretty.
12:45 of 1st period - Deflect By Jared McCann.
12:45 of 1st period - Shot Misses the Net.
12:45 of 1st period - Puck is out of play.
12:46 of 1st period - Cole Sillinger wins face-off versus Jordan Staal in Vegas Golden Knights zone.
12:55 of 1st period - Snap shot by Max Pacioretty.
12:55 of 1st period - Shot Misses the Net.
12:57 of 1st period - Wrist shot by Cole Sillinger.
12:57 of 1st period - Stopped by Sergei Bobrovsky with a rebound.
12:59 of 1st period - Slapshot by Jamie Drysdale.
12:59 of 1st period - Shot Misses the Net.
13:37 of 1st period - Kevin Stenlund is hit by Thomas Chabot and loses puck.
14:00 of 1st period - Snap shot by Andreas Athanasiou.
14:00 of 1st period - Stopped by Vitek Vanecek with a rebound.
14:02 of 1st period - Slapshot by Shea Theodore.
14:02 of 1st period - Shot Blocked by Conor Timmins.
14:23 of 1st period - Tanner Pearson is hit by Jordan Staal and loses puck.
14:39 of 1st period - Off-side.
14:40 of 1st period - Sean Monahan wins face-off versus Fraser Minten in neutral zone.
14:43 of 1st period - Snap shot by Jared McCann.
14:43 of 1st period - Stopped by Vitek Vanecek with a rebound.
15:40 of 1st period - Snap shot by Kevin Stenlund.
15:40 of 1st period - Shot Misses the Net.
16:55 of 1st period - Jordan Staal is hit by Peyton Krebs and loses puck.
17:00 of 1st period - Snap shot by Raphael Lavoie.
17:00 of 1st period - Stopped by Sergei Bobrovsky with a rebound.
17:02 of 1st period - Wrist shot by Jamie Drysdale.
17:02 of 1st period - Shot Misses the Net.
17:04 of 1st period - Slapshot by Jamie Drysdale.
17:04 of 1st period - Stopped by Sergei Bobrovsky with a rebound.
17:06 of 1st period - Slapshot by Kevin Stenlund.
17:06 of 1st period - Shot Misses the Net.
17:08 of 1st period - Snap shot by Peyton Krebs.
17:08 of 1st period - Shot Misses the Net.
17:34 of 1st period - Slapshot by Reilly Smith.
17:34 of 1st period - Shot Misses the Net.
17:36 of 1st period - Wrist shot by Jordan Staal.
17:36 of 1st period - Shot Misses the Net.
18:14 of 1st period - Wrist shot by Mathew Barzal.
18:14 of 1st period - Stopped by Vitek Vanecek with a rebound.
18:16 of 1st period - Snap shot by Reilly Smith.
18:16 of 1st period - Stopped by Vitek Vanecek with a rebound.
18:18 of 1st period - Snap shot by Jordan Staal.
18:18 of 1st period - Goal by Jordan Staal - Vegas Golden Knights : 2 - Detroit Red Wings : 0.
18:19 of 1st period - Cole Sillinger wins face-off versus Sean Monahan in neutral zone.
18:44 of 1st period - Bryan Rust is hit by Cutter Gauthier and loses puck.
19:48 of 1st period - Off-side.
19:49 of 1st period - Mika Zibanejad wins face-off versus Cutter Gauthier in neutral zone.
Goals for this period are 2 for Vegas Golden Knights vs 0 for Detroit Red Wings.
Shots for this period are 16 for Vegas Golden Knights vs 8 for Detroit Red Wings.
2nd period
0:01 of 2nd period - Sean Monahan wins face-off versus Cole Sillinger in neutral zone.
0:28 of 2nd period - Roman Josi is hit by Fraser Minten and loses puck.
0:35 of 2nd period - Mika Zibanejad is hit by Collin Graf and loses puck.
1:12 of 2nd period - Wrist shot by Rasmus Kupari.
1:12 of 2nd period - Stopped by Sergei Bobrovsky without a rebound.
1:13 of 2nd period - Jared McCann wins face-off versus Rasmus Kupari in Vegas Golden Knights zone.
1:13 of 2nd period - Jared McCann is hit by Rasmus Kupari.
1:24 of 2nd period - Icing by Shayne Gostisbehere.
1:25 of 2nd period - Sean Monahan wins face-off versus Rasmus Kupari in Detroit Red Wings zone.
1:34 of 2nd period - Snap shot by Vasili Podkolzin.
1:34 of 2nd period - Shot Misses the Net.
1:36 of 2nd period - Snap shot by Rasmus Kupari.
1:36 of 2nd period - Stopped by Sergei Bobrovsky with a rebound.
1:48 of 2nd period - Wrist shot by Vasili Podkolzin.
1:48 of 2nd period - Stopped by Sergei Bobrovsky without a rebound.
1:49 of 2nd period - Cole Sillinger wins face-off versus Mika Zibanejad in Vegas Golden Knights zone.
2:39 of 2nd period - Snap shot by Anthony Mantha.
2:39 of 2nd period - Stopped by Vitek Vanecek without a rebound.
2:40 of 2nd period - Mika Zibanejad wins face-off versus Kevin Stenlund in Detroit Red Wings zone.
3:28 of 2nd period - Wrist shot by Collin Graf.
3:28 of 2nd period - Stopped by Sergei Bobrovsky without a rebound.
3:29 of 2nd period - Cutter Gauthier wins face-off versus Reilly Smith in Vegas Golden Knights zone.
3:30 of 2nd period - Slapshot by Collin Graf.
3:30 of 2nd period - Stopped by Sergei Bobrovsky with a rebound.
4:37 of 2nd period - Snap shot by Collin Graf.
4:37 of 2nd period - Stopped by Sergei Bobrovsky without a rebound.
4:38 of 2nd period - Cole Sillinger wins face-off versus Mika Zibanejad in Vegas Golden Knights zone.
4:39 of 2nd period - Snap shot by Max Pacioretty.
4:39 of 2nd period - Stopped by Sergei Bobrovsky with a rebound.
4:41 of 2nd period - Backhand shot by Jamie Drysdale.
4:41 of 2nd period - Shot Blocked by Mika Zibanejad.
4:43 of 2nd period - Slapshot by Jamie Drysdale.
4:43 of 2nd period - Stopped by Sergei Bobrovsky without a rebound.
4:44 of 2nd period - Cole Sillinger wins face-off versus Mika Zibanejad in Vegas Golden Knights zone.
4:47 of 2nd period - Snap shot by Cole Sillinger.
4:47 of 2nd period - Shot Blocked by Shea Theodore.
5:29 of 2nd period - Rasmus Kupari is hit by Shea Theodore.
5:33 of 2nd period - Snap shot by Anthony Mantha.
5:33 of 2nd period - Shot Blocked by Jayden Struble.
5:35 of 2nd period - Wrist shot by Mathieu Olivier.
5:35 of 2nd period - Shot Misses the Net.
5:37 of 2nd period - Slapshot by Shea Theodore.
5:37 of 2nd period - Deflect By Yakov Trenin.
5:37 of 2nd period - Stopped by Vitek Vanecek without a rebound.
5:38 of 2nd period - Cole Sillinger wins face-off versus Mika Zibanejad in Detroit Red Wings zone.
6:03 of 2nd period - Travis Hamonic is hit by Peyton Krebs and loses puck.
6:52 of 2nd period - Wrist shot by Max Pacioretty.
6:52 of 2nd period - Goal by Max Pacioretty - Vegas Golden Knights : 2 - Detroit Red Wings : 1.
6:53 of 2nd period - Cole Sillinger wins face-off versus Sean Monahan in neutral zone.
7:39 of 2nd period - Slapshot by Shayne Gostisbehere.
7:39 of 2nd period - Deflect By Auston Matthews.
7:39 of 2nd period - Stopped by Sergei Bobrovsky without a rebound.
7:40 of 2nd period - Mika Zibanejad wins face-off versus Rasmus Kupari in Vegas Golden Knights zone.
7:47 of 2nd period - Shea Theodore is hit by Rasmus Kupari and loses puck.
7:52 of 2nd period - Slapshot by Shayne Gostisbehere.
7:52 of 2nd period - Shot Misses the Net.
7:54 of 2nd period - Snap shot by Yakov Trenin.
7:54 of 2nd period - Stopped by Sergei Bobrovsky with a rebound.
7:56 of 2nd period - Snap shot by Jamie Drysdale.
7:56 of 2nd period - Shot Misses the Net.
8:06 of 2nd period - Wrist shot by Collin Graf.
8:06 of 2nd period - Shot Misses the Net.
8:08 of 2nd period - Slapshot by Jamie Drysdale.
8:08 of 2nd period - Stopped by Sergei Bobrovsky with a rebound.
8:10 of 2nd period - Slapshot by Jamie Drysdale.
8:10 of 2nd period - Stopped by Sergei Bobrovsky with a rebound.
8:12 of 2nd period - Slapshot by Collin Graf.
8:12 of 2nd period - Shot Misses the Net.
8:14 of 2nd period - Slapshot by Collin Graf.
8:14 of 2nd period - Stopped by Sergei Bobrovsky with a rebound.
8:16 of 2nd period - Snap shot by Collin Graf.
8:16 of 2nd period - Deflect By Mika Zibanejad.
8:16 of 2nd period - Shot Misses the Net.
8:16 of 2nd period - Puck is out of play.
8:17 of 2nd period - Cole Sillinger wins face-off versus Sean Monahan in Vegas Golden Knights zone.
8:18 of 2nd period - Slapshot by Jackson LaCombe.
8:18 of 2nd period - Stopped by Sergei Bobrovsky without a rebound.
8:19 of 2nd period - Cole Sillinger wins face-off versus Sean Monahan in Vegas Golden Knights zone.
8:55 of 2nd period - Snap shot by Fraser Minten.
8:55 of 2nd period - Shot Misses the Net.
8:57 of 2nd period - Slapshot by Collin Graf.
8:57 of 2nd period - Shot Misses the Net.
9:11 of 2nd period - Backhand shot by Rasmus Kupari.
9:11 of 2nd period - Stopped by Sergei Bobrovsky with a rebound.
9:35 of 2nd period - Snap shot by Peyton Krebs.
9:35 of 2nd period - Shot Misses the Net.
10:03 of 2nd period - Snap shot by Andreas Athanasiou.
10:03 of 2nd period - Shot Misses the Net.
10:14 of 2nd period - Major / Game Misconduct Penalty to Zach Bogosian for Unsportsmanlike conduct.
10:14 of 2nd period - Zach Bogosian is ejected from game.
10:15 of 2nd period - Cutter Gauthier wins face-off versus Jordan Staal in Vegas Golden Knights zone.
10:28 of 2nd period - Jack Johnson is hit by Cutter Gauthier and loses puck.
10:49 of 2nd period - Slapshot by Jamie Drysdale.
10:49 of 2nd period - Shot Misses the Net.
10:51 of 2nd period - Slapshot by Jamie Drysdale.
10:51 of 2nd period - Goal by Jamie Drysdale - Vegas Golden Knights : 2 - Detroit Red Wings : 2.
10:52 of 2nd period - Andreas Athanasiou wins face-off versus Cole Sillinger in neutral zone.
10:58 of 2nd period - Off-side.
10:59 of 2nd period - Andreas Athanasiou wins face-off versus Cole Sillinger in neutral zone.
11:04 of 2nd period - Wrist shot by Andreas Athanasiou.
11:04 of 2nd period - Stopped by Vitek Vanecek without a rebound.
11:05 of 2nd period - Cutter Gauthier wins face-off versus Jordan Staal in Detroit Red Wings zone.
11:16 of 2nd period - Snap shot by Collin Graf.
11:16 of 2nd period - Deflect By Thomas Chabot.
11:16 of 2nd period - Goal by Collin Graf - Vegas Golden Knights : 2 - Detroit Red Wings : 3.
11:17 of 2nd period - Andreas Athanasiou wins face-off versus Cole Sillinger in neutral zone.
11:49 of 2nd period - Backhand shot by Cutter Gauthier.
11:49 of 2nd period - Shot Blocked by Jordan Staal.
11:51 of 2nd period - Slapshot by Collin Graf.
11:51 of 2nd period - Shot Misses the Net.
13:45 of 2nd period - Vasili Podkolzin is hit by Travis Hamonic and loses puck.
13:51 of 2nd period - Off-side.
13:52 of 2nd period - Collin Graf wins face-off versus Bryan Rust in neutral zone.
15:14 of 2nd period - Penalty to Zach Bogosian is over, Reilly Smith is send on ice.
15:20 of 2nd period - Jackson LaCombe is hit by Tyler Toffoli and loses puck.
16:27 of 2nd period - Fraser Minten is hit by Travis Hamonic and loses puck.
16:40 of 2nd period - Peyton Krebs is hit by Jordan Staal and loses puck.
16:55 of 2nd period - Minor Penalty to Jordan Staal for Delaying the game.
16:56 of 2nd period - Andreas Athanasiou wins face-off versus Cole Sillinger in Vegas Golden Knights zone.
16:56 of 2nd period - Andreas Athanasiou is hit by Cole Sillinger.
17:46 of 2nd period - Roman Josi is hit by Cole Sillinger and loses puck.
18:55 of 2nd period - Penalty to Jordan Staal is over, Jordan Staal is back on ice.
18:55 of 2nd period - Roman Josi is hit by Fraser Minten.
19:15 of 2nd period - Wrist shot by Jordan Staal.
19:15 of 2nd period - Shot Blocked by Jackson LaCombe.
19:29 of 2nd period - Snap shot by Reilly Smith.
19:29 of 2nd period - Shot Misses the Net.
19:31 of 2nd period - Slapshot by Roman Josi.
19:31 of 2nd period - Deflect By Mathew Barzal.
19:31 of 2nd period - Shot Misses the Net.
19:31 of 2nd period - Puck is out of play.
19:32 of 2nd period - Sean Monahan wins face-off versus Rasmus Kupari in Detroit Red Wings zone.
19:35 of 2nd period - Snap shot by Tyler Toffoli.
19:35 of 2nd period - Shot Misses the Net.
Goals for this period are 0 for Vegas Golden Knights vs 3 for Detroit Red Wings.
Shots for this period are 3 for Vegas Golden Knights vs 18 for Detroit Red Wings.
3rd period
0:01 of 3rd period - Cole Sillinger wins face-off versus Sean Monahan in neutral zone.
0:10 of 3rd period - Slapshot by Tyler Toffoli.
0:10 of 3rd period - Shot Blocked by Cole Sillinger.
0:12 of 3rd period - Wrist shot by Jared McCann.
0:12 of 3rd period - Shot Misses the Net.
0:14 of 3rd period - Snap shot by Sean Monahan.
0:14 of 3rd period - Shot Hit the Post.
0:22 of 3rd period - Minor Penalty to Ryan Graves for Tripping.
0:23 of 3rd period - Kevin Stenlund wins face-off versus Mika Zibanejad in Detroit Red Wings zone.
0:38 of 3rd period - Bryan Rust is hit by Shayne Gostisbehere and loses puck.
2:22 of 3rd period - Penalty to Ryan Graves is over, Ryan Graves is back on ice.
2:27 of 3rd period - Off-side.
2:28 of 3rd period - Jordan Staal wins face-off versus Cutter Gauthier in neutral zone.
2:42 of 3rd period - Snap shot by Fraser Minten.
2:42 of 3rd period - Stopped by Sergei Bobrovsky without a rebound.
2:43 of 3rd period - Jordan Staal wins face-off versus Cutter Gauthier in Vegas Golden Knights zone.
2:56 of 3rd period - Snap shot by Jordan Staal.
2:56 of 3rd period - Stopped by Vitek Vanecek without a rebound.
2:57 of 3rd period - Cole Sillinger wins face-off versus Tyler Toffoli in Detroit Red Wings zone.
3:06 of 3rd period - Snap shot by Max Pacioretty.
3:06 of 3rd period - Deflect By Tanner Pearson.
3:06 of 3rd period - Shot Misses the Net.
3:06 of 3rd period - Puck is out of play.
3:07 of 3rd period - Sean Monahan wins face-off versus Cole Sillinger in Vegas Golden Knights zone.
3:09 of 3rd period - Icing by Shea Theodore.
3:10 of 3rd period - Sean Monahan wins face-off versus Cole Sillinger in Vegas Golden Knights zone.
3:17 of 3rd period - Snap shot by Jackson LaCombe.
3:17 of 3rd period - Stopped by Sergei Bobrovsky without a rebound.
3:18 of 3rd period - Mika Zibanejad wins face-off versus Cole Sillinger in Vegas Golden Knights zone.
3:18 of 3rd period - Mika Zibanejad is hit by Cole Sillinger.
3:33 of 3rd period - Minor Penalty to Ryan Graves for Cross-checking.
3:34 of 3rd period - Kevin Stenlund wins face-off versus Sean Monahan in Detroit Red Wings zone.
3:50 of 3rd period - Snap shot by Cole Sillinger.
3:50 of 3rd period - Stopped by Sergei Bobrovsky with a rebound.
4:31 of 3rd period - Jamie Drysdale is hit by Anthony Mantha and loses puck.
5:33 of 3rd period - Penalty to Ryan Graves is over, Ryan Graves is back on ice.
5:40 of 3rd period - Jackson LaCombe is hit by Thomas Chabot and loses puck.
5:45 of 3rd period - Wrist shot by Mathew Barzal.
5:45 of 3rd period - Stopped by Vitek Vanecek with a rebound.
5:47 of 3rd period - Slapshot by Thomas Chabot.
5:47 of 3rd period - Stopped by Vitek Vanecek without a rebound.
5:48 of 3rd period - Jordan Staal wins face-off versus Cutter Gauthier in Detroit Red Wings zone.
5:51 of 3rd period - Wrist shot by Jordan Staal.
5:51 of 3rd period - Stopped by Vitek Vanecek without a rebound.
5:52 of 3rd period - Cutter Gauthier wins face-off versus Mathew Barzal in Detroit Red Wings zone.
6:17 of 3rd period - Backhand shot by Jack Johnson.
6:17 of 3rd period - Deflect By Cole Sillinger.
6:17 of 3rd period - Stopped by Vitek Vanecek without a rebound.
6:18 of 3rd period - Cole Sillinger wins face-off versus Sean Monahan in Detroit Red Wings zone.
6:49 of 3rd period - Snap shot by Shayne Gostisbehere.
6:49 of 3rd period - Stopped by Sergei Bobrovsky with a rebound.
6:51 of 3rd period - Slapshot by Shayne Gostisbehere.
6:51 of 3rd period - Stopped by Sergei Bobrovsky with a rebound.
6:53 of 3rd period - Slapshot by Jamie Drysdale.
6:53 of 3rd period - Stopped by Sergei Bobrovsky without a rebound.
6:54 of 3rd period - Tanner Pearson wins face-off versus Sean Monahan in Vegas Golden Knights zone.
6:55 of 3rd period - Slapshot by Cole Sillinger.
6:55 of 3rd period - Shot Blocked by Roman Josi.
7:07 of 3rd period - Wrist shot by Shea Theodore.
7:07 of 3rd period - Stopped by Vitek Vanecek with a rebound.
7:09 of 3rd period - Snap shot by Shea Theodore.
7:09 of 3rd period - Shot Misses the Net.
7:45 of 3rd period - Jackson LaCombe is hit by Mathew Barzal and loses puck.
8:00 of 3rd period - Snap shot by Raphael Lavoie.
8:00 of 3rd period - Stopped by Sergei Bobrovsky without a rebound.
8:01 of 3rd period - Rasmus Kupari wins face-off versus Andreas Athanasiou in Vegas Golden Knights zone.
8:08 of 3rd period - Wrist shot by Yakov Trenin.
8:08 of 3rd period - Stopped by Sergei Bobrovsky with a rebound.
8:14 of 3rd period - Snap shot by Mathieu Olivier.
8:14 of 3rd period - Shot Blocked by Shayne Gostisbehere.
8:16 of 3rd period - Slapshot by Andreas Athanasiou.
8:16 of 3rd period - Stopped by Vitek Vanecek with a rebound.
8:26 of 3rd period - Jared McCann is hit by Tanner Pearson and loses puck.
8:33 of 3rd period - Jamie Drysdale is hit by Jared McCann and loses puck.
9:30 of 3rd period - Off-side.
9:31 of 3rd period - Andreas Athanasiou wins face-off versus Cole Sillinger in neutral zone.
9:33 of 3rd period - Ryan Graves beats up Mathieu Olivier.
9:33 of 3rd period - Penalty to Ryan Graves for Fighting.
9:33 of 3rd period - Penalty to Mathieu Olivier for Fighting.
9:34 of 3rd period - Sean Monahan wins face-off versus Cole Sillinger in neutral zone.
9:39 of 3rd period - Wrist shot by Tyler Toffoli.
9:39 of 3rd period - Shot Misses the Net.
9:45 of 3rd period - Wrist shot by Sean Monahan.
9:45 of 3rd period - Stopped by Vitek Vanecek with a rebound.
9:47 of 3rd period - Wrist shot by Tyler Toffoli.
9:47 of 3rd period - Stopped by Vitek Vanecek without a rebound.
9:48 of 3rd period - Mika Zibanejad wins face-off versus Fraser Minten in Detroit Red Wings zone.
9:53 of 3rd period - Slapshot by Mika Zibanejad.
9:53 of 3rd period - Stopped by Vitek Vanecek without a rebound.
9:54 of 3rd period - Mika Zibanejad wins face-off versus Cutter Gauthier in Detroit Red Wings zone.
10:27 of 3rd period - Cole Sillinger is hit by Sean Monahan and loses puck.
10:44 of 3rd period - Wrist shot by Peyton Krebs.
10:44 of 3rd period - Shot Blocked by Mathew Barzal.
11:25 of 3rd period - Snap shot by Auston Matthews.
11:25 of 3rd period - Deflect By Andreas Athanasiou.
11:25 of 3rd period - Shot Misses the Net.
11:25 of 3rd period - Puck is out of play.
11:26 of 3rd period - Andreas Athanasiou wins face-off versus Cutter Gauthier in Detroit Red Wings zone.
11:33 of 3rd period - Fraser Minten is hit by Anthony Mantha and loses puck.
11:38 of 3rd period - Slapshot by Auston Matthews.
11:38 of 3rd period - Stopped by Vitek Vanecek with a rebound.
12:07 of 3rd period - Wrist shot by Peyton Krebs.
12:07 of 3rd period - Shot Misses the Net.
12:09 of 3rd period - Slapshot by Jackson LaCombe.
12:09 of 3rd period - Deflect By Mathew Barzal.
12:09 of 3rd period - Stopped by Sergei Bobrovsky with a rebound.
13:07 of 3rd period - Tyler Toffoli is hit by Shayne Gostisbehere.
13:33 of 3rd period - Roman Josi is hit by Shayne Gostisbehere and loses puck.
13:40 of 3rd period - Snap shot by Peyton Krebs.
13:40 of 3rd period - Stopped by Sergei Bobrovsky without a rebound.
13:41 of 3rd period - Jordan Staal wins face-off versus Cutter Gauthier in Vegas Golden Knights zone.
14:28 of 3rd period - Jackson LaCombe is hit by Tyler Toffoli.
14:55 of 3rd period - Jack Johnson is hit by Conor Timmins and loses puck.
15:13 of 3rd period - Cole Sillinger is hit by Mathew Barzal and loses puck.
15:26 of 3rd period - Tanner Pearson is hit by Travis Hamonic and loses puck.
15:48 of 3rd period - Wrist shot by Tanner Pearson.
15:48 of 3rd period - Stopped by Sergei Bobrovsky with a rebound.
16:16 of 3rd period - Wrist shot by Raphael Lavoie.
16:16 of 3rd period - Shot Blocked by Jack Johnson.
16:18 of 3rd period - Snap shot by Kevin Stenlund.
16:18 of 3rd period - Stopped by Sergei Bobrovsky with a rebound.
16:20 of 3rd period - Slapshot by Kevin Stenlund.
16:20 of 3rd period - Stopped by Sergei Bobrovsky with a rebound.
16:22 of 3rd period - Wrist shot by Peyton Krebs.
16:22 of 3rd period - Deflect By Anthony Mantha.
16:22 of 3rd period - Stopped by Sergei Bobrovsky without a rebound.
16:23 of 3rd period - Jordan Staal wins face-off versus Kevin Stenlund in Vegas Golden Knights zone.
16:53 of 3rd period - Snap shot by Cutter Gauthier.
16:53 of 3rd period - Goal by Cutter Gauthier - Vegas Golden Knights : 2 - Detroit Red Wings : 4.
16:54 of 3rd period - Jordan Staal wins face-off versus Kevin Stenlund in neutral zone.
17:03 of 3rd period - Wrist shot by Mathew Barzal.
17:03 of 3rd period - Deflect By Jamie Drysdale.
17:03 of 3rd period - Shot Misses the Net.
17:03 of 3rd period - Puck is out of play.
17:04 of 3rd period - Jordan Staal wins face-off versus Kevin Stenlund in Detroit Red Wings zone.
17:28 of 3rd period - Minor Penalty to Reilly Smith for Tripping.
17:29 of 3rd period - Cole Sillinger wins face-off versus Andreas Athanasiou in Vegas Golden Knights zone.
18:02 of 3rd period - Wrist shot by Cutter Gauthier.
18:02 of 3rd period - Stopped by Sergei Bobrovsky without a rebound.
18:03 of 3rd period - Jordan Staal wins face-off versus Cutter Gauthier in Vegas Golden Knights zone.
18:03 of 3rd period - Jordan Staal is hit by Jackson LaCombe.
18:13 of 3rd period - Thomas Chabot is hit by Fraser Minten and loses puck.
19:28 of 3rd period - Penalty to Reilly Smith is over, Reilly Smith is back on ice.
19:42 of 3rd period - Auston Matthews is hit by Kevin Stenlund and loses puck.
19:56 of 3rd period - Off-side.
19:57 of 3rd period - Mika Zibanejad wins face-off versus Cutter Gauthier in neutral zone.
Goals for this period are 0 for Vegas Golden Knights vs 1 for Detroit Red Wings.
Shots for this period are 11 for Vegas Golden Knights vs 16 for Detroit Red Wings.
Back to the Top